 Dungeon Crawl Stone Soup version 0.26-a0-710-g95a0c6c400 (webtiles) character file.

Game seed: 18222013132656030443

4 Glokmah the Sneak (level 1, -1/18 HPs)
             Began as a Demonspawn Delver on Oct 30, 2020.
             Was an Initiate of Qazlal.
             Slain by a jackal (3 damage)
             ... on level 1 of the Dungeon.
             The game lasted 00:03:15 (689 turns).

Glokmah the Sneak (Demonspawn Delver)                Turns: 689, Time: 00:03:16

Health: -1/18      AC:  3    Str: 12    XL:     1   Next: 50%
Magic:  1/1        EV: 12    Int: 11    God:    Qazlal [......]
Gold:   22         SH:  0    Dex: 14    Spells: 0/0 levels left

rFire    . . .     SeeInvis .   a - +0 hand axe
rCold    . . .     Faith    .   (no shield)
rNeg     . . .     Spirit   .   b - +0 leather armour
rPois    .         Reflect  .   (no helmet)
rElec    .         Harm     .   (no cloak)
rCorr    .         Rampage  .   (no gloves)
MR       .....                  (no boots)
Stlth    ++........             (no amulet)
HPRegen  0.06/turn              (no ring)
MPRegen  0.07/turn              (no ring)

@: very slightly contaminated, invisible
A: no striking features
a: Renounce Religion


You were on level 1 of the Dungeon.
You worshipped Qazlal.
Qazlal was noncommittal.
You visited 2 branches of the dungeon, and saw 6 of its levels.

You collected 22 gold pieces.

Inventory:

Hand Weapons
 a - a +0 hand axe (weapon)
Armour
 b - a +0 leather armour (worn)
Wands
 e - a wand of disintegration (11)
 g - a wand of digging (2)
Scrolls
 c - a scroll of fog
 d - a scroll of magic mapping
 f - a scroll of amnesia
 i - a scroll of identify


   Skills:
 + Level 3.0 Fighting
 + Level 1.8 Axes
 + Level 0.2 Armour
 + Level 1.8 Dodging
 - Level 4.5 Stealth


You couldn't memorise any spells.
You didn't know any spells.
Your spell library was empty.

Dungeon Overview and Level Annotations

Branches:
Dungeon (5/15)             Temple (1/1) D:4

Altars:
Hepliaklqana
Nemelex Xobeh
Okawaru
Qazlal
Ru
Trog
Vehumet
Zin
The Shining One

Annotations:
D:4 Purgy


Message History

You feel forgetful for a moment.
As you read the scroll labeled OGOIBE DEZAFA, it crumbles to dust.
The creatures around you are filled with an inner flame!
It was a scroll of immolation.
Okay, then.
Evoke which item? (* to show all) (? for menu, Esc to quit)
Press: ? - help, Shift-Dir - straight line You can't see that place.
The rock shatters into small pieces.
A jackal comes into view.
The rat barely misses you.
The ball python bites you but does no damage. 3 jackals come into view.
The jackal barks! x2; The ball python hisses angrily.
A rat comes into view.
The jackal barks!
The jackal closely misses you.
You hear a bark!
You hear a shout!
The jackal bites you.
You die...

...##########
#.....>....#
######S###.#
#.######.##
....h.hhr.#
#.######..# .
######h.#....
#....@........
#.####..#.....
.........
.###.##.# ..
... . #. ##.
.r


You could see a jackal, a ball python (wandering, inner flame) and a rat (inner
flame).

Vanquished Creatures
  A giant cockroach (D:2)
  2 hobgoblins (D:2)
3 creatures vanquished.

Notes
Turn   | Place    | Note
-------+----------+-------------------------------------------
     0 | D:5      | Glokmah the Demonspawn Delver began the quest for the Orb.
     0 | D:5      | Reached XP level 1. HP: 18/18 MP: 1/1
    47 | D:5      | Noticed an iguana
   136 | D:5      | Noticed a jelly
   150 | D:4      | Noticed an ogre
   171 | D:4      | Found a staircase to the Ecumenical Temple.
   174 | D:4      | Noticed Purgy
   180 | Temple   | Entered the Ecumenical Temple
   540 | Temple   | Became a worshipper of Qazlal Stormbringer
   689 | D:1      | Slain by a jackal

Illustrated notes

Levels and vault maps discovered:
D:1:      elethiomel_arrival_shortcut, layout_loops_ring
D:2:      layout_rooms, chequers_temple_overflow_statue_of_worship, uniq_sigmund
D:3:      layout_basic, lemuel_crystal_altar, elyvilon_altar_4
D:4:      layout_basic, minmay_temple_entry_glass, uniq_purgy
D:5:      layout_basic, gammafunk_temple_overflow_elements
Temple:   nicolae_temple_figure_zero

Action                   || total
-------------------------++-------
Melee: Hand axe          ||    18
Evoke: Wand              ||     1
  Use: Scroll            ||     4
       Potion            ||     2
Armor: Leather armour    ||     5
Dodge: Dodged            ||    21

Table legend: (Time is in decaauts)
 A = Elapsed time spent in this place.
 B = Non-inter-level travel time spent in this place.
 C = Inter-level travel time spent in this place.
 D = Time resting spent in this place.
 E = Time spent auto-exploring this place.
 F = Levels seen in this place.
 G = Mean time per level.
                   A        B        C        D        E       F      G
               +--------+--------+--------+--------+--------+-----+--------+
         Total |    671 |    593 |     78 |     17 |    272 |   6 |  111.8 |
       Dungeon |    308 |    308 |      0 |     17 |      0 |   5 |   61.6 |
        Temple |    362 |    284 |     78 |      0 |    272 |   1 |  362.0 |
               +--------+--------+--------+--------+--------+-----+--------+

Top non-repeatable levels by time:
  Temple: 362 daAuts
     D:5: 147 daAuts
     D:3: 62 daAuts
     D:4: 47 daAuts
     D:2: 42 daAuts
     D:1: 8 daAuts
